 Dungeon Crawl Stone Soup version 0.20-a0-823-gdec668e (webtiles) character file.

19501 Dolanko the Spear-Bearer (level 12, -26/112 HPs)
             Began as a Merfolk Gladiator on Mar 5, 2017.
             Was the Champion of Okawaru.
             Killed from afar by an ice dragon (41 damage)
             ... with a blast of cold
             ... on level 11 of the Dungeon.
             The game lasted 00:23:11 (12072 turns).

Dolanko the Spear-Bearer (Merfolk Gladiator)       Turns: 12072, Time: 00:23:12

Health: -26/112    AC: 19    Str: 15 (16) XL:     12   Next: 69%
Magic:  12/12      EV: 22    Int: 12 (14) God:    Okawaru [******]
Gold:   816        SH:  6    Dex: 13 (16) Spells: 11/11 levels left

rFire    . . .     SeeInvis +   H - +1 trident of Eternal War {flame, rElec Int+6 SInv}
rCold    . . .     Gourm    .   d - +0 chain mail
rNeg     . . .     Faith    .   u - +1 buckler {reflect}
rPois    .         Spirit   .   c - +2 helmet
rElec    +         Reflect  +   C - +0 cloak
rCorr    .         Harm     .   K - +0 pair of gloves
MR       .....                  (boots currently unavailable)
Stlth    ..........             E - amulet of Vitality {Regen+ HP+15}
Regen    1.1/turn               (no ring)
MPRegen  0.2/turn               q - +5 ring of evasion

@: very quick
A: change form in water, swift swim, stealthy swim, molten scales 1,
regeneration 1, weak 1, sturdy frame 1
a: Heroism, Finesse, Renounce Religion


You were on level 11 of the Dungeon.
You worshipped Okawaru.
Okawaru was exalted by your worship.
You were not hungry.

You visited 2 branches of the dungeon, and saw 12 of its levels.

You collected 816 gold pieces.

Inventory:

Hand Weapons
 G - a +2 trident of venom
 H - the +1 trident of Eternal War (weapon) {flame, rElec Int+6 SInv}
   (You found it on level 7 of the Dungeon)

   It has been specially enchanted to burn those struck by it, causing extra
   injury to most foes and up to half again as much damage against particularly
   susceptible opponents.
   It affects your intelligence (+6).
   It insulates you from electricity.
   It lets you see invisible.
Armour
 c - a +2 helmet (worn)
 d - a +0 chain mail (worn)
 o - a +0 shield
 p - a +2 pair of boots (melded)
 u - a +1 buckler of reflection (worn)
 w - a +0 plate armour
 C - a +0 cloak (worn)
 K - a +0 pair of gloves (worn)
Jewellery
 q - a +5 ring of evasion (left hand)
 y - a +5 amulet of reflection
 E - the amulet of Vitality (around neck) {Regen+ HP+15}
   (You took it off an orc on level 7 of the Dungeon)

   [amulet of regeneration]

   It affects your health (+15).
   It increases your rate of regeneration.
Wands
 g - a wand of lightning (9/15)
 r - a wand of lightning (4/15)
 t - a wand of confusion (23/48)
 v - a wand of confusion (7/48)
 D - a wand of paralysis (12/24)
 F - a wand of digging (10/24)
 I - a wand of paralysis (16/24)
 L - a wand of polymorph (10/24)
 M - a wand of flame (13/48)
 O - a wand of lightning (6/15)
Scrolls
 a - 3 scrolls of remove curse
 e - 7 scrolls of teleportation
 i - 8 scrolls of identify
 k - 6 scrolls of enchant armour
 J - a scroll of recharging
 P - a scroll of fear
Potions
 b - a potion of cancellation
 j - 3 potions of mutation
 m - 3 potions of lignification
 n - 2 potions of heal wounds
 A - a potion of brilliance
Books
 z - a book of Necromancy

   Spells                             Type                      Level
   a - Pain                           Necromancy                   1
   b - Animate Skeleton               Necromancy                   1
   c - Vampiric Draining              Necromancy                   3
   d - Regeneration                   Charms/Necromancy            3
   e - Animate Dead                   Necromancy                   4
   f - Control Undead                 Necromancy                   4
Comestibles
 f - 4 bread rations
 h - 7 royal jellies
 l - 5 meat rations
 s - 4 fruits
 x - 5 chunks of flesh


   Skills:
 + Level 10.1 Fighting
 + Level 13.1 Polearms
 - Level 2.0 Throwing
 * Level 9.9 Armour
 + Level 11.9 Dodging
 * Level 4.8 Shields


You had 11 spell levels left.
You didn't know any spells.

Dungeon Overview and Level Annotations

Branches:
Dungeon (11/15)            Temple (1/1) D:7            Lair (0/6) D:9
    Orc (0/2) D:11

Altars:
Cheibriados
Dithmenos
Fedhas
Hepliaklqana
Kikubaaqudgha
Nemelex Xobeh
Okawaru
Trog
Vehumet
Wu Jian
Yredelemnul
Zin
The Shining One

Shops:
D:6 ?=*:%


Innate Abilities, Weirdness & Mutations

You revert to your normal form in water.
You are very nimble and swift while swimming.
You are very stealthy in the water. (Stealth+)
You are partially covered in molten scales. (AC +2)
Your natural rate of healing is unusually fast.
You are weak. (Str -2)
Your movements are slightly less encumbered by armour. (ER -2)


Message History

The ice dragon tramples you but does no damage.
You completely miss the ice dragon.
The ice dragon is severely wounded.
You puncture the ice dragon! You burn the ice dragon.
The ice dragon is severely wounded.
The ice dragon breathes frost at you. The blast of cold hits you!
* * * LOW HITPOINT WARNING * * *
You hit the ice dragon. You burn the ice dragon.
The ice dragon is almost dead.
You are engulfed in freezing vapours.
* * * LOW HITPOINT WARNING * * *
The ice dragon bites you!
* * * LOW HITPOINT WARNING * * *
The ice dragon barely misses you. The ice dragon misses you.
You feel much better.
You are engulfed in freezing vapours.
* * * LOW HITPOINT WARNING * * *
The ice dragon breathes frost at you. The blast of cold hits you!
You die...

##......# ##≈≈≈≈ ........#
#≈≈≈≈ ........# ##≈≈≈
###.....# #≈≈≈ #..##.#
##≈≈≈ #..##.#### #####
#≈≈≈≈ #..##....# ###≈≈≈###
#≈≈≈≈ #..##....#
##≈≈D≈≈≈≈## ##≈≈≈≈
###..##..#####≈≈@≈≈≈≈≈≈#
#≈≈≈≈≈ .....##..#
#≈≈§≈≈#≈≈≈≈# ##≈≈≈≈≈
.....##..# #≈§≈≈##(.≈≈#
##≈≈≈≈≈≈ ........# ##§≈≈≈#
[[=####†≈≈≈### #.......#
#≈≈≈≈## ######≈≈≈###
#.......###≈≈≈≈###
####≈≈≈##
#.((......#≈≈≈≈≈≈###≈≈≈≈≈≈#
#.<.......#≈≈≈≈≈≈≈≈≈≈≈≈≈≈##
#.......#.##≈≈≈≈≈≈≈≈≈≈≈≈≈#


You could see an ice dragon.

Vanquished Creatures
  5 two-headed ogres
  The ghost of aves the Cleaver, a novice DsFi of Qazlal (D:10)
  Pikel (D:6)
  An ice statue (D:11)
  2 kobold demonologists (D:11)
  A troll (D:9)
  2 hornets
  2 hippogriffs (D:9)
  A water elemental (D:11)
  A vampire (D:10)
  22 yaks
  A basilisk (D:11)
  2 wyverns
  2 hungry ghosts
  The ghost of Aksej the Sneak, an amateur OpAs (D:3)
  2 water moccasins
  3 orc warriors
  4 black bears
  2 eyes of draining
  3 sky beasts
  3 slaves (D:6)
  23 ice beasts
  3 necrophages
  13 centaurs
  5 ogres
  A crocodile (D:10)
  3 big kobolds
  10 bullfrogs
  A wyvern zombie (D:9)
  3 scorpions
  8 killer bees
  14 wights
  12 electric eels (D:11)
  6 howler monkeys
  4 crimson imps
  4 hounds
  2 quasits
  A bullfrog zombie (D:11)
  2 centaur skeletons
  4 jellies
  2 bullfrog skeletons
  5 orc priests
  4 orc wizards
  2 iguanas
  4 worker ants
  A killer bee zombie (D:9)
  A howler monkey zombie (D:8)
  Robin (D:2)
  11 adders
  4 gnolls
  2 shadow imps (D:6)
  2 oozes
  2 adder skeletons
  An adder zombie (D:2)
  2 worms (D:2)
  A dart slug (D:1)
  5 leopard geckos
  46 orcs
  8 giant cockroaches
  10 goblins
  10 hobgoblins
  15 jackals
  2 quokkas
  A ball python zombie (D:2)
  4 bats
  A frilled lizard (D:1)
  A giant cockroach zombie (D:2)
  A jackal skeleton (D:5)
  2 jackal zombies
  19 kobolds
  A leopard gecko skeleton (D:2)
  A quokka skeleton (D:2)
  A quokka zombie (D:9)
  11 rats
365 creatures vanquished.

Vanquished Creatures (others)
  A kobold (D:11)
1 creature vanquished.

Grand Total: 366 creatures vanquished

Notes
Turn   | Place    | Note
-------+----------+-------------------------------------------
     0 | D:1      | Dolanko the Merfolk Gladiator began the quest for the Orb.
     0 | D:1      | Reached XP level 1. HP: 16/16 MP: 1/1
    83 | D:1      | Reached XP level 2. HP: 14/23 MP: 2/2
   658 | D:1      | Reached skill level 1 in Armour
   658 | D:1      | Reached XP level 3. HP: 27/28 MP: 3/3
  1411 | D:2      | Reached skill level 5 in Polearms
  1411 | D:2      | Reached XP level 4. HP: 30/34 MP: 4/4
  1743 | D:2      | Noticed Robin
  2076 | D:2      | Killed Robin
  2473 | D:3      | Noticed Aksej's ghost (amateur OpAs)
  2483 | D:3      | Killed Aksej's ghost
  2483 | D:3      | Reached skill level 5 in Dodging
  2483 | D:3      | Reached XP level 5. HP: 22/41 MP: 5/5
  2711 | D:3      | Reached XP level 6. HP: 47/47 MP: 6/6
  3751 | D:4      | Reached skill level 6 in Polearms
  4235 | D:4      | Reached XP level 7. HP: 53/53 MP: 7/7
  4551 | D:5      | Entered Level 5 of the Dungeon
  5315 | D:6      | Found Sishrob's Food Emporium.
  5498 | D:6      | Reached skill level 7 in Polearms
  5535 | D:6      | Found Xaymaughet's Jewellery Boutique.
  5535 | D:6      | Found Nadd's General Store.
  5568 | D:6      | Found Yryllimu's Book Boutique.
  5626 | D:6      | Reached XP level 8. HP: 57/61 MP: 8/8
  5888 | D:6      | Found Cuik Dyg's Magic Scroll Shop.
  5919 | D:6      | Noticed Pikel
  5982 | D:6      | Killed Pikel
  5982 | D:6      | Reached skill level 5 in Fighting
  5982 | D:6      | Reached skill level 8 in Polearms
  6104 | D:7      | Reached skill level 5 in Armour
  6416 | D:7      | Found a staircase to the Ecumenical Temple.
  6485 | D:7      | Reached XP level 9. HP: 47/69 MP: 9/9
  6772 | Temple   | Entered the Ecumenical Temple
  6794 | Temple   | Became a worshipper of Warmaster Okawaru
  7006 | D:7      | Paralysed by a centaur for 6 turns
  7184 | D:7      | Got an ebony trident
  7185 | D:7      | Identified the +1 trident of Eternal War {flame, rElec Int+6 SInv} (You found it on level 7 of the Dungeon)
  7239 | D:7      | Reached skill level 9 in Polearms
  7391 | D:7      | Reached * piety under Okawaru
  8050 | D:8      | Noticed a two-headed ogre
  8068 | D:8      | Killed a two-headed ogre
  8068 | D:8      | Reached ** piety under Okawaru
  8068 | D:8      | Reached skill level 10 in Polearms
  8068 | D:8      | Reached XP level 10. HP: 79/79 MP: 10/10
  8077 | D:8      | Gained mutation: You are weak. (Str -2) [potion of mutation]
  8077 | D:8      | Gained mutation: Your natural rate of healing is unusually fast. [potion of mutation]
  8077 | D:8      | Gained mutation: Your movements are slightly less encumbered by armour. (ER -2) [potion of mutation]
  8077 | D:8      | Gained mutation: You are partially covered in molten scales. (AC +2) [potion of mutation]
  8406 | D:8      | Found a bloodstained altar of Trog.
  8666 | D:9      | Reached *** piety under Okawaru
  8874 | D:9      | Found a staircase to the Lair.
  9076 | D:9      | Reached **** piety under Okawaru
  9076 | D:9      | Reached skill level 10 in Dodging
  9361 | D:9      | Reached XP level 11. HP: 87/87 MP: 11/11
  9371 | D:9      | Reached skill level 11 in Polearms
  9676 | D:10     | Entered Level 10 of the Dungeon
  9699 | D:10     | Noticed a two-headed ogre
  9721 | D:10     | Killed a two-headed ogre
  9721 | D:10     | Reached ***** piety under Okawaru
 10151 | D:10     | Noticed aves's ghost (novice DsFi)
 10205 | D:10     | Killed aves's ghost
 10205 | D:10     | Received a gift from Okawaru
 10221 | D:10     | Noticed a two-headed ogre
 10233 | D:10     | Killed a two-headed ogre
 10233 | D:10     | Reached skill level 12 in Polearms
 10335 | D:10     | Reached skill level 1 in Shields
 10397 | D:10     | Noticed a two-headed ogre
 10412 | D:10     | Killed a two-headed ogre
 10672 | D:10     | Reached XP level 12. HP: 96/96 MP: 12/12
 11505 | D:11     | Found a staircase to the Orcish Mines.
 11549 | D:11     | Noticed a two-headed ogre
 11557 | D:11     | Killed a two-headed ogre
 11795 | D:11     | Reached skill level 10 in Fighting
 11795 | D:11     | Reached skill level 13 in Polearms
 11904 | D:11     | Reached ****** piety under Okawaru
 12056 | D:11     | Noticed an ice dragon
 12072 | D:11     | Killed from afar by an ice dragon

Vault maps used:
D:1:      lemuel_arrival_river_ford, minmay_statues_item, st_stairs_12
D:2:      serial_undead, serial_undead_e, serial_undead_f, serial_undead_b,
          serial_undead_a, uniq_robin
D:3:      first_bread
D:6:      serial_shops, shop_fountains, shop, shop, shop, nicolae_shop_crystal,
          uniq_pikel
D:7:      hangedman_cross_stitches, minmay_temple_entry_mist
D:8:      lightli_temple_of_fire
D:9:      cheibrodos_elevator_heist, lair_entry_dummy
D:11:     minmay_twisted_water, orc_0_dummy
Temple:   nicolae_temple_the_god_donut

Skill      XL: |  1  2  3  4  5  6  7  8  9 10 11 12 |
---------------+-------------------------------------+-----
Armour         | 1 2 3 4 5 7 8 9 |  9.9
Polearms       | 5 6 7 8 10 12 13 | 13.1
Fighting       | 3 4 5 7 8 9 10 | 10.1
Dodging        | 5 6 7 9 10 11 | 11.9
Shields        | 2 4 |  4.8
Throwing       | |  2.0

Action                   |  1- 3 |  4- 6 |  7- 9 | 10-12 || total
-------------------------+-------+-------+-------+-------++-------
Melee: Trident           |   119 |    50 |   137 |  1090 ||  1396
       Tailslap          |     1 |       |       |    24 ||    25
       Spear             |       |   149 |   424 |       ||   573
Throw: Throwing net      |       |     3 |       |       ||     3
Invok: Heroism           |       |       |       |     1 ||     1
Evoke: Wand              |       |       |    13 |       ||    13
  Use: Scroll            |       |     6 |     4 |     7 ||    17
       Potion            |       |     3 |     3 |    12 ||    18
 Stab: Sleeping          |     1 |     3 |     5 |     1 ||    10
       Distracted        |     2 |       |       |       ||     2
       Confused          |       |       |     4 |       ||     4
       Invisible         |       |       |       |     3 ||     3
  Eat: Chunk             |     2 |     8 |    15 |    15 ||    40
Armor: Leather armour    |    18 |    23 |    65 |    31 ||   137
       Skin              |       |     6 |       |       ||     6
       Chain mail        |       |       |       |   224 ||   224
Dodge: Dodged            |    62 |    83 |   301 |   711 ||  1157
Block: Other             |       |       |    33 |       ||    33
       Buckler           |       |       |       |   123 ||   123
       Reflection        |       |       |       |    11 ||    11
